 Dungeon Crawl Stone Soup version 0.27-a0-1149-g4505690ab0 (webtiles) character file.

Game seed: 387015883662320268

192 timneilson the Shield-Bearer (level 5, -16/33 HPs)
             Began as a Gargoyle Fighter on May 14, 2021.
             Demolished by an ogre
             ... wielding a +0 giant club
              (21 damage)
             ... on level 4 of the Dungeon.
             The game lasted 00:04:09 (3079 turns).

timneilson the Shield-Bearer (Gargoyle Fighter)     Turns: 3079, Time: 00:04:10

Health: -16/33     AC: 18    Str: 20    XL:     5   Next: 71%
Magic:  5/5        EV:  7    Int:  9    God:
Gold:   131        SH:  9    Dex:  9    Spells: 4/4 levels left

rFire    . . .     SeeInvis .   a - +0 long sword (protect)
rCold    . . .     Faith    .   c - +0 kite shield
rNeg     + . .     Spirit   .   b - +0 scale mail
rPois    ∞         Reflect  .   (no helmet)
rElec    +         Harm     .   (no cloak)
rCorr    .         Rampage  .   (no gloves)
Will     .....                  (no boots)
Stlth    ..........             (no amulet)
HPRegen  0.11/turn              (no ring)
MPRegen  0.09/turn              (no ring)

@: under a protective aura, very slightly contaminated, invisible
A: sickness immunity, AC +4, negative energy resistance 1, electricity
resistance, torment resistance 1, petrification resistance
a: no special abilities


You were on level 4 of the Dungeon.
You visited 1 branch of the dungeon, and saw 4 of its levels.
You also visited: Sewer.

You collected 131 gold pieces.

Inventory:

Hand Weapons
 a - a +0 long sword of protection (weapon)
Armour
 b - a +0 scale mail (worn)
 c - a +0 kite shield (worn)
Scrolls
 d - 2 scrolls of teleportation
 f - a scroll of identify
Potions
 e - a potion of cancellation
 h - a potion of degeneration {unknown}
 i - 2 potions of attraction
 j - a potion of heal wounds {unknown}


   Skills:
 + Level 3.9 Fighting
 * Level 3.1 Long Blades
 * Level 4.5 Armour
 * Level 4.6 Shields


You had 4 spell levels left.
You didn't know any spells.
Your spell library contained the following spells:

 Spells                   Type           Power      Damage    Failure   Level
 Beastly Appendage        Tmut           0%         N/A       99%         1
 Wereblood                Tmut           0%         N/A       100%        2
 Spider Form              Tmut/Pois      0%         N/A       100%        3
 Ice Form                 Ice/Tmut       0%         N/A       100%        4
 Hydra Form               Tmut           0%         N/A       100%        5


Dungeon Overview and Level Annotations

Branches:
Dungeon (4/15)              Sewer (visited)
 Temple: D:4-7

Altars:


Innate Abilities, Weirdness & Mutations

You are immune to sickness and miasma.
Your stone body is resilient. (AC +4)
You are immune to poison.
You resist negative energy. (rN+)
You are resistant to electric shocks. (rElec)
You are resistant to unholy torment.
You are immune to petrification.


Message History

You are too injured to fight recklessly!
You are too injured to fight recklessly!
You are too injured to fight recklessly!
You are too injured to fight recklessly!
You are too injured to fight recklessly!
You are too injured to fight recklessly!
You are too injured to fight recklessly!
You are too injured to fight recklessly!
You are too injured to fight recklessly!
You are too injured to fight recklessly!
You are too injured to fight recklessly!
You are too injured to fight recklessly!
You are too injured to fight recklessly!
You are too injured to fight recklessly!
You are too injured to fight recklessly!
You are too injured to fight recklessly!
You are too injured to fight recklessly!
You are too injured to fight recklessly!
Unknown command.
You hit the ogre.
The ogre is moderately wounded.
The ogre hits you with a +0 giant club. You block the jackal's attack.
The jackal barely misses you.
You hit the ogre.
The ogre is heavily wounded.
The ogre closely misses you.
The jackal bites you but does no damage.
The ogre hits you with a +0 giant club!
* * * LOW HITPOINT WARNING * * *
The jackal closely misses you.
You riposte.
You hit the jackal.
The jackal is severely wounded.
You fade into invisibility!
You block the jackal's attack.
You are very lightly contaminated with residual magic.
You slash the ogre!
The ogre is severely wounded.
The jackal bites you but does no damage.
The ogre hits you with a +0 giant club!!
Ouch! That really hurt!
You die...

### ### #.# ... ... #.##
#.# #.# #.#.# #.. #.#
#....# #h# #.# ....###h#
####.#### ##.#.#.#@#
##.......# #..>...O##
#........#
#....#..#######..##..<.#
#.. #..##.......####..#
....##..##.............#
#..............##.##.##
....#.####......# .##.#
.#. #. #............# #
#. #########.####


You could see an ogre and 2 jackals.

Vanquished Creatures
  Purgy (Sewer)
  An adder (D:2)
  4 worms
  2 dart slugs
  5 orcs (D:3)
  4 endoplasms
  5 giant cockroaches
  A goblin (D:1)
  6 hobgoblins
  12 jackals
  9 kobolds
  2 quokkas
  2 ball pythons (D:1)
  A bat (Sewer)
  5 frilled lizards
  5 rats
65 creatures vanquished.

Notes
Turn   | Place    | Note
-------+----------+-------------------------------------------
     0 | D:1      | timneilson the Gargoyle Fighter began the quest for the
                  | Orb.
     0 | D:1      | Reached XP level 1. HP: 14/14 MP: 1/1
    56 | D:1      | Found a faded altar of an unknown god.
    91 | D:1      | Reached XP level 2. HP: 17/19 MP: 2/2
   586 | D:1      | Reached XP level 3. HP: 3/23 MP: 3/3
  2005 | D:3      | Reached XP level 4. HP: 27/28 MP: 4/4
  2013 | D:3      | Found a glowing drain.
  2017 | Sewer    | Entered a sewer
  2025 | Sewer    | Noticed Purgy
  2055 | Sewer    | Killed Purgy
  2056 | Sewer    | Reached XP level 5. HP: 19/33 MP: 5/5
  3069 | D:4      | Noticed an ogre
  3079 | D:4      | Demolished by an ogre

Illustrated notes

Levels and vault maps discovered:
D:1:      evilmike_arrival_fibonacci_small, layout_basic,
          hellmonk_ecumenical_altar_pennies_from_heaven
D:2:      layout_loops_cross
D:3:      layout_basic, gup_sewer_entry_bowl
D:4:      layout_loops_cross

Skill      XL: |  1  2  3  4 |
---------------+-------------+-----
Long Blades    | 2 3 |  3.1
Armour         | 4 |  4.5
Shields        | 4 |  4.6
Fighting       | |  3.9

Action                   |  1- 3 |  4- 6 || total
-------------------------+-------+-------++-------
Melee: Long sword        |    89 |   130 ||   219
  Use: Potion            |     1 |     4 ||     5
       Scroll            |     2 |     6 ||     8
Armor: Scale mail        |    39 |   100 ||   139
Dodge: Dodged            |    23 |    67 ||    90
Block: Kite shield       |    26 |   108 ||   134
       Rpst.: Long sword |     4 |    19 ||    23

Table legend: (Time is in decaauts)
 A = Elapsed time spent in this place.
 B = Non-inter-level travel time spent in this place.
 C = Inter-level travel time spent in this place.
 D = Time resting spent in this place.
 E = Time spent auto-exploring this place.
 F = Levels seen in this place.
 G = Mean time per level.
                   A        B        C        D        E       F      G
               +--------+--------+--------+--------+--------+-----+--------+
         Total |   3193 |   3100 |     93 |      0 |   2497 |   5 |  638.6 |
       Dungeon |   2868 |   2775 |     93 |      0 |   2266 |   4 |  717.0 |
         Sewer |    325 |    325 |      0 |      0 |    231 |   1 |  325.0 |
               +--------+--------+--------+--------+--------+-----+--------+

Top non-repeatable levels by time:
     D:1: 1124 daAuts
     D:3: 932 daAuts
     D:2: 777 daAuts
   Sewer: 325 daAuts
     D:4: 33 daAuts
